 Dungeon Crawl Stone Soup version 0.26.1-11-gd32895ea62 (webtiles) character file.

Game seed: 922187565245007114

2727 KamiKatze the Destroyer (level 9, -11/62 HPs)
             Began as a Red Draconian Conjurer on June 4, 2021.
             Mangled by a spatial maelstrom (14 damage)
             ... on level 2 of the Abyss.
             The game lasted 00:28:56 (6557 turns).

KamiKatze the Destroyer (Red Draconian Conjurer)    Turns: 6557, Time: 00:28:56

Health: -11/62     AC: 11    Str: 11    XL:     9   Next: 40%
Magic:  18/18      EV: 11    Int: 21    God:
Gold:   351        SH:  0    Dex:  5    Spells: 10/21 levels left

rFire    + + .     SeeInvis .   a - +1 spear
rCold    + . .     Faith    .   (no shield)
rNeg     . . .     Spirit   .   (armour unavailable)
rPois    .         Reflect  .   (helmet restricted)
rElec    .         Harm     .   q - scarf {rC+ rF+}
rCorr    .         Rampage  .   (no gloves)
Will     .....                  (no boots)
Stlth    +.........             (no amulet)
HPRegen  0.20/turn              n - +4 ring of protection
MPRegen  0.16/turn              t - -4 ring of dexterity (curse)

@: attractive
A: breathe fire, unfitting armour, fire resistance 1, cold-blooded, AC +7
a: Breathe Fire


You were on level 2 of the Abyss.
You visited 1 branch of the dungeon, and saw 9 of its levels.
You visited the Abyss 1 time.

You collected 351 gold pieces.

Inventory:

Hand Weapons
 a - a +1 spear (weapon)
 d - a +1 flail of protection
Missiles
 c - 97 stones
 i - 49 poisoned darts (quivered)
Armour
 q - a scarf of resistance (worn)
Jewellery
 n - a +4 ring of protection (left hand)
 p - a +4 ring of protection
 t - a cursed -4 ring of dexterity (right hand)
Wands
 r - a wand of iceblast (8)
Scrolls
 g - a scroll of immolation
 j - 5 scrolls of remove curse
 l - 2 scrolls of enchant weapon
 o - a scroll of fog
Potions
 b - a potion of lignification
 h - a potion of attraction
 k - a potion of curing
 m - 3 potions of might


   Skills:
 - Level 2.0 Dodging
 - Level 2.0 Stealth
 * Level 6.6 Spellcasting
 * Level 8.0 Conjurations
 * Level 5.2 Hexes
 * Level 5.7 Translocations


You had 10 spell levels left.
You knew the following spells:

 Your Spells              Type           Power        Failure   Level
a - Magic Dart            Conj           100%         1%          1
b - Searing Ray           Conj           80%          1%          2
c - Fulminant Prism       Conj/Hex       17%          6%          4
d - Iskenderun's Mystic   Conj/Tloc      36%          5%          4

Your spell library contained the following spells:

 Spells                   Type           Power        Failure   Level
 Blink                    Tloc           N/A          1%          2
 Slow                     Hex            28%          1%          2
 Dazzling Flash           Conj/Hex       68%          1%          3
 Conjure Flame            Conj/Fire      23%          5%          3
 Mephitic Cloud           Conj/Pois/Air  18%          9%          3
 Call Imp                 Summ           6%           14%         2


Dungeon Overview and Level Annotations

Branches:
Dungeon (9/15)
 Temple: D:4-7         Lair: D:8-11         Orc: D:9-12

Altars:
Elyvilon
Okawaru
Ru

Annotations:
D:3 2 transporters, Descartes's ghost, amateur FeCK
D:7 Duvessa; Maggie


Innate Abilities, Weirdness & Mutations

You can breathe blasts of fire.
Your fiery red scales are hard. (AC +7)
You cannot fit into any form of body armour.
Your flesh is heat resistant. (rF+)
You are cold-blooded and may be slowed by cold attacks.


Message History

The large abomination is pulled toward you! 2 spatial vortices and a spatial maelstrom come into view.
A rakshasa comes into view. It is wielding a +0 trident.
The spatial maelstrom is pulled toward you!
The rakshasa is pulled toward you!
The spatial vortex is pulled toward you! x2
The spatial maelstrom is pulled toward you!
The rakshasa is pulled toward you!
The spatial vortex is pulled toward you!
The spatial maelstrom hits you.
You blink.
The rakshasa hits you from afar with a +0 trident.
A spatial vortex comes into view.
The spatial vortex is pulled toward you!
The large abomination hits you!!
* * * LOW HITPOINT WARNING * * *
The spatial maelstrom closely misses you.
The spatial maelstrom hits you.
* * * LOW HITPOINT WARNING * * *
Space warps horribly around you!
You die...

. .# ..##..#
...##......
....#...## #.
##..#.... . # ##
#...(...# .#.
####v...# ..
###.##.#.# .###.#
..#...#......#
..###@...#...#..#
#. ##.vX.#v..#.#
# ..
##..##.R....# # .
... #...
#ยง#....# . ....
.####...#
.....##.##. ..##
.. #.## .....#..#
## .. ## ..##.?.#
#. ## ...#.#..


You could see a spatial maelstrom, a rakshasa, 2 spatial vortices and a large
abomination.

Vanquished Creatures
  Grinder (D:4)
  A ynoxinul (Abyss:1)
  A neqoxec (Abyss:1)
  A water moccasin (D:8)
  A black bear (D:8)
  An orc warrior (D:6)
  An ice beast (D:5)
  A sky beast (D:7)
  2 centaurs (D:5)
  4 bullfrogs
  Dowan (D:7)
  A scorpion (D:6)
  6 killer bees (D:7)
  2 howler monkeys
  3 hounds
  A jelly (Abyss:1)
  A bullfrog skeleton (D:4)
  An iron imp (Abyss:1)
  6 orc wizards
  2 centaur skeletons (D:6)
  3 iguanas
  2 small abominations (Abyss:2)
  3 worker ants
  A killer bee zombie (D:7)
  4 adders
  4 gnolls (D:3)
  A howler monkey zombie (D:8)
  2 shadow imps
  2 ufetubi
  An ooze (D:7)
  3 worms
  2 dart slugs
  A leopard gecko (D:4)
  12 orcs
  3 ball pythons
  5 giant cockroaches
  8 hobgoblins
  8 jackals
  13 kobolds
  3 quokkas
  8 bats
  6 frilled lizards
  11 goblins
  3 leopard gecko skeletons
  10 rats
157 creatures vanquished.

Vanquished Creatures (others)
  6 fulminant prisms (D:7)
  7 plants
  2 starspawn tentacles (Abyss:1)
15 creatures vanquished.

Grand Total: 172 creatures vanquished

Notes
Turn   | Place    | Note
-------+----------+-------------------------------------------
     0 | D:1      | KamiKatze the Draconian Conjurer began the quest for the
                  | Orb.
     0 | D:1      | Reached XP level 1. HP: 14/14 MP: 3/3
   155 | D:1      | Reached XP level 2. HP: 20/20 MP: 5/5
   158 | D:1      | Learned a level 2 spell: Searing Ray
  1034 | D:2      | Reached XP level 3. HP: 26/26 MP: 4/6
  2016 | D:3      | Found a faded altar of an unknown god.
  2069 | D:3      | Identified the +1 buckler "Zuuliaz" {Dex+5}
  2069 | D:3      | Noticed a gnoll sergeant
  2167 | D:3      | Reached XP level 4. HP: 19/33 MP: 4/8
  2315 | D:3      | Reached skill level 5 in Conjurations
  2515 | D:3      | Reached XP level 5. HP: 15/38 MP: 6/10
  2905 | D:3      | Learned a level 4 spell: Fulminant Prism
  2923 | D:3      | Learned a level 4 spell: Iskenderun's Mystic Blast
  2934 | D:3      | Found a transporter.
  2950 | D:3      | Noticed Descartes's ghost (amateur FeCK)
  3038 | D:3      | Found a transporter.
  3337 | D:4      | Noticed Grinder
  3354 | D:4      | Killed Grinder
  3355 | D:4      | Reached skill level 1 in Hexes
  3355 | D:4      | Reached skill level 1 in Translocations
  3355 | D:4      | Reached XP level 6. HP: 24/45 MP: 0/12
  3707 | D:5      | Entered Level 5 of the Dungeon
  3769 | D:5      | Reached skill level 6 in Conjurations
  3769 | D:5      | Your scales start taking on a fiery red colour.
  3769 | D:5      | Reached XP level 7. HP: 50/50 MP: 8/13
  3769 | D:5      | Gained mutation: Your flesh is heat resistant. (rF+) [Red
                  | Draconian growth]
  4509 | D:6      | Found a white marble altar of Elyvilon.
  4580 | D:6      | Reached skill level 5 in Spellcasting
  4704 | D:6      | Found a sacrificial altar of Ru.
  4727 | D:6      | Reached XP level 8. HP: 57/57 MP: 9/15
  4733 | D:6      | Found an iron altar of Okawaru.
  5311 | D:7      | Reached skill level 7 in Conjurations
  5593 | D:7      | Noticed Maggie
  5602 | D:7      | Noticed Duvessa
  5611 | D:7      | Noticed Dowan
  5639 | D:8      | Reached skill level 5 in Translocations
  5642 | D:8      | Reached XP level 9. HP: 21/62 MP: 9/18
  5967 | D:7      | Killed Dowan
  6026 | D:7      | Cast into level 1 of the Abyss (Duvessa)
  6072 | Abyss:1  | Found a corrupted altar of Lugonu.
  6213 | Abyss:1  | Reached skill level 5 in Hexes
  6309 | Abyss:1  | Noticed a large abomination
  6329 | Abyss:1  | Noticed a tentacled starspawn
  6467 | Abyss:2  | Reached skill level 8 in Conjurations
  6554 | Abyss:2  | Noticed a spatial maelstrom
  6554 | Abyss:2  | Noticed a rakshasa
  6557 | Abyss:2  | HP: 3/62 [spatial maelstrom (5)]
  6557 | Abyss:2  | Mangled by a spatial maelstrom

Illustrated notes

Levels and vault maps discovered:
D:1:      ncdulo_watergridlock, layout_loops_ring, kennysheep_small_spiral,
          st_stairs_6, chequers_big_river
D:2:      layout_loops_corners
D:3:      layout_loops_ring, gammafunk_ghost_gnarly_gnolls,
          chequers_ecumenical_altar_simple_redux, cheibrodos_sewer_entry_bend,
          st_stairs_10
D:4:      layout_basic, uniq_grinder
D:5:      layout_loops_ring
D:6:      layout_rooms, nicolae_ru_awakened_eye, basic_altar, hex_tiny,
          okawaru_trees_1
D:7:      layout_loops_ring, minmay_temple_entry_wispy, uniq_duvessa,
          uniq_maggie
D:8:      layout_cave_pools
D:9:      layout_long_grid, evilmike_ruin_ashenzari
Abyss:2:  base:
D:7

Skill      XL: |  1  2  3  4  5  6  7  8  9 |
---------------+----------------------------+-----
Stealth        | 2 |  2.0
Dodging        | 2 |  2.0
Spellcasting   | 3 4 5 6 |  6.6
Conjurations   | 5 6 7 8 |  8.0
Hexes          | 1 2 3 4 5 |  5.2
Translocations | 1 2 3 5 |  5.7

Action                   |  1- 3 |  4- 6 |  7- 9 || total
-------------------------+-------+-------+-------++-------
Melee: Spear             |   190 |    57 |    32 ||   279
       Tailslap          |     8 |     1 |     2 ||    11
Throw: Dart              |       |       |     4 ||     4
 Cast: Magic Dart        |    11 |    11 |     4 ||    26
       Searing Ray       |     4 |    23 |    50 ||    77
       Fulminant Prism   |       |       |     6 ||     6
       Iskenderun's Myst |       |       |     5 ||     5
  Use: Scroll            |     5 |     1 |     8 ||    14
       Potion            |       |       |     2 ||     2
 Stab: Sleeping          |     5 |     2 |     1 ||     8
       Distracted        |     1 |       |       ||     1
Armor: Skin              |    39 |    27 |    51 ||   117
Dodge: Dodged            |    77 |    49 |    88 ||   214
